 Dungeon Crawl Stone Soup version 0.27.1-34-g3ba077fa99 (webtiles) character file.

Game seed: 5765783898808152217

0 cbfl8 the Sneak (level 1, -1/19 HPs)
             Began as a Minotaur Delver on Jan 20, 2022.
             Slain by a gnoll (11 damage)
             ... on level 3 of the Dungeon.
             The game lasted 00:01:03 (86 turns).

cbfl8 the Sneak (Minotaur Delver)                     Turns: 86, Time: 00:01:03

Health: -1/19      AC:  3    Str: 16    XL:     1   Next: 8%
Magic:  0/0        EV: 11    Int:  7    God:
Gold:   4          SH:  0    Dex: 11    Spells: 0/0 levels left

rFire    . . .     SeeInvis .   a - +0 hand axe
rCold    . . .     Faith    .   (no shield)
rNeg     . . .     Spirit   .   b - +0 leather armour
rPois    .         Reflect  .   (helmet restricted)
rElec    .         Harm     .   (no cloak)
rCorr    .         Rampage  .   (no gloves)
Will     .....                  (no boots)
Stlth    ++........             (no amulet)
HPRegen  0.06/turn              d - ring of wizardry
MPRegen  0.07/turn              (no ring)

@: no status effects
A: horns 2, retaliatory headbutt
a: no special abilities


You were on level 3 of the Dungeon.
You visited 1 branch of the dungeon, and saw 3 of its levels.

You collected 4 gold pieces.

Inventory:

Hand Weapons
 a - a +0 hand axe (weapon)
Armour
 b - a +0 leather armour (worn)
Jewellery
 d - a ring of wizardry (left hand)
Wands
 g - a wand of digging (3)
Scrolls
 c - a scroll of fog
 e - a scroll of fear
Potions
 f - a potion of haste


   Skills:
 + Level 3.6 Fighting
 + Level 2.4 Axes
 + Level 2.2 Dodging
 + Level 4.1 Stealth


You couldn't memorise any spells.
You didn't know any spells.
Your spell library was empty.

Dungeon Overview and Level Annotations

Branches:
Dungeon (5/15)             Temple (0/1) D:4

Altars:


Innate Abilities, Weirdness & Mutations

You have a pair of horns on your head.
You reflexively headbutt those who attack you in melee.


Message History

There is a stone staircase leading down here.
As you read the scroll of magic mapping, it crumbles to dust.
You feel aware of your surroundings.
You sensed 1 shop/portal.
d - a ring of wizardry
d - a ring of wizardry (left hand)
There is a stone staircase leading down here.
An endoplasm comes into view.
Found a pink potion.
Found 18 stones.
Found a stone staircase leading up.
There is a stone staircase leading up here.
You climb upwards.
Found a leather armour.
There is a stone staircase leading down here.
You see here a +0 leather armour.
You see here a +0 leather armour.
Found 22 sling bullets and a metallic brown potion.
A rat and a gnoll come into view.
A gnoll comes into view. It is wielding a +0 spear.
Found a stone staircase leading down.
The gnoll shouts! x2
A bat comes into view.
A gnoll comes into view. It is wielding a +0 flail.
You barely miss the rat.
The rat bites you but does no damage. x2
You hit the rat.
You kill the rat!
The gnoll closely misses you.
You see here a rat corpse.
You see here a rat corpse.
The gnoll misses you.
The gnoll hits you from afar with a +0 halberd!
The gnoll hits you but does no damage.
A ball python comes into view.
The gnoll barely misses you.
A worm and a kobold come into view.
Found a runed ring mail and 7 gold pieces.
Found a stone staircase leading down.
The gnoll hits you but does no damage.
The gnoll hits you from afar with a +0 halberd!
Ouch! That really hurt!
You die...

###
#############.#
#..........##.#
#.>..†......[.#
#......g......#
#......g....>##
#####@#....###
#.K........##g.
#.####(.#.##
... .!.....
....
........w....
............
........ ....
......S.>..[.$


You could see a worm (wandering), 2 gnolls, a ball python (wandering) and a
kobold (asleep).

Vanquished Creatures
  A rat (D:3)
1 creature vanquished.

Notes
Turn   | Place    | Note
-------+----------+-------------------------------------------
     0 | D:5      | cbfl8 the Minotaur Delver began the quest for the Orb.
     0 | D:5      | Reached XP level 1. HP: 19/19 MP: 0/0
    86 | D:3      | Slain by a gnoll

Illustrated notes

Levels and vault maps discovered:
D:3:      layout_rooms, gammafunk_ghost_split,
          shapermc_ecumenical_altar_mp_highgroup, uniq_robin,
          uniq_crazy_yiuf_cottage
D:4:      layout_cave_pools, minmay_temple_entry_purple_smoke,
          cheibrodos_sewer_entry_bend
D:5:      layout_loops_ring, kennysheep_mini, lemuel_doored_altar,
          uniq_eustachio, uniq_prince_ribbit1

Action                   || total
-------------------------++-------
Melee: Hand axe          ||     2
  Use: Scroll            ||     1
Armor: Leather armour    ||     4
Dodge: Dodged            ||     3
